 Dungeon Crawl Stone Soup version 0.28-a0-413-gde365fb1df (webtiles) character file.

Game seed: 26811503093134288

2398 xeno23 the Skirmisher (level 9, -1/67 HPs)
             Began as a Djinni Hedge Wizard on Sept 7, 2021.
             Was an Initiate of Makhleb.
             Killed from afar by a manticore (16 damage)
             ... with a volley of spikes
             ... on level 7 of the Dungeon.
             The game lasted 00:59:58 (11111 turns).

xeno23 the Skirmisher (Djinni Hedge Wizard)        Turns: 11111, Time: 00:59:58

Health: -1/67      AC:  6    Str:  9    XL:     9   Next: 75%
Gold:   233        EV: 11    Int: 20    God:    Makhleb [......] SH:  0 Dex: 12

rFire   + + .      SeeInvis .   n - staff of conjuration
rCold   x . .      Faith    .   (no shield)
rNeg    + . .      Spirit   .   d - +0 ring mail {rN+}
rPois   ∞          Reflect  .   c - +0 hat
rElec   .          Harm     .   y - scarf {+Inv}
rCorr   .          Rampage  .   (no gloves)
Will    +....                   (boots unavailable)
Stlth   +.........              (no amulet)
HPRegen 0.21/turn               k - ring of willpower
MPRegen 0.00/turn               (no ring)

@: about to teleport, spiked, flying, studying Unarmed Combat
A: sickness immunity, fire resistance 2, cold vulnerability 1, float, innate
caster, hp casting, extra vitality 1
a: Renounce Religion, Evoke Invisibility


You were on level 7 of the Dungeon.
You worshipped Makhleb.
Makhleb was noncommittal.
You visited 2 branches of the dungeon, and saw 8 of its levels.

You collected 298 gold pieces.
You spent 65 gold pieces at shops.

Inventory:

Hand Weapons
 p - a +0 mace
 w - a +0 broad axe
 z - a +2 dagger of venom
Missiles
 i - 2 curare-tipped darts
 l - 10 poisoned darts
 t - 4 atropa-tipped darts
 x - 7 datura-tipped darts
 G - a throwing net
Armour
 c - a +0 hat (worn)
 d - a +0 ring mail of positive energy (worn)
 y - a scarf of invisibility (worn)
Magical Staves
 n - a staff of conjuration (weapon)
Jewellery
 k - a ring of willpower (left hand)
 C - an amulet of faith
Scrolls
 b - 4 scrolls of identify
 g - a scroll of enchant weapon {unknown}
 j - a scroll of brand weapon {unknown}
 o - a scroll of magic mapping
 q - a scroll of enchant armour {unknown}
 v - a scroll of vulnerability {unknown}
 A - a scroll of holy word {unknown}
 F - a scroll of amnesia {unknown}
Potions
 a - a potion of cancellation {unknown}
 e - 3 potions of might
 f - a potion of heal wounds
 h - a potion of resistance {unknown}
 m - a potion of berserk rage {unknown}
 s - a potion of mutation {unknown}
 u - 2 potions of curing
 B - a potion of lignification {unknown}
 D - a potion of brilliance {unknown}
 E - a potion of degeneration {unknown}


   Skills:
 + Level 6.7 Fighting
 - Level 4.5 Armour
 - Level 3.9 Dodging
 - Level 1.5 Stealth
 + Level 5.7 Spellcasting
 * Level 5.1 Evocations


You couldn't memorise any spells.
You knew the following spells:

 Your Spells              Type           Power      Damage    Failure   Level
a - Magic Dart            Conj           100%       1d8       2%          1
b - Blink                 Tloc           N/A        N/A       3%          2
c - Call Imp              Summ           28%        N/A       3%          2
d - Slow                  Hex            28%        N/A       3%          2
e - Conjure Flame         Conj/Fire      43%        6-21      8%          3
f - Mephitic Cloud        Conj/Pois/Air  43%        N/A       8%          3
g - Sting                 Tmut/Pois      100%       1d8       2%          1
h - Ensorcelled Hibernat  Hex/Ice        56%        N/A       3%          2
i - Portal Projectile     Hex/Tloc       56%        N/A       8%          3
j - Iskenderun's Mystic   Conj/Tloc      43%        2d10      26%         4
Your spell library was empty.

Dungeon Overview and Level Annotations

Branches:
Dungeon (7/15)             Temple (1/1) D:7

Altars:
Ashenzari
Cheibriados
Dithmenos
Elyvilon
Fedhas
Hepliaklqana
Kikubaaqudgha
Makhleb
Nemelex Xobeh
Okawaru
Qazlal
Ru
Sif Muna
Trog
Vehumet
Wu Jian
Xom
Yredelemnul
Zin
The Shining One

Shops:
D:3 *


Innate Abilities, Weirdness & Mutations

You are immune to sickness and miasma.
You are immune to poison.
Your flesh is very heat resistant. (rF++)
You are vulnerable to cold. (rC-)
You float through the air rather than walking.
You learn spells naturally, not from books.
Your magical power is your life essence.
You have superior vitality. (+4 HP)


Message History

You kill the bullfrog!
Makhleb accepts your kill.
You start resting.
Your crimson imp blinks!
Your crimson imp disappears in a puff of smoke!
HP restored.
You pick up a manual of Unarmed Combat and begin studying.
Found 15 gold pieces.
The manticore flicks its tail.
The volley of spikes hits you!!
The barbed spikes become lodged in your body.
You take 18 damage.
Casting: Magic Dart (safe; 2% risk of failure)
Confirm with . or Enter, or press ? or * to list all spells.
You feel a surge of power!
The fire begins to smoulder!
The manticore flicks its tail.
The volley of spikes hits you!
The barbed spikes become lodged in your body.
You take 12 damage.
The barbs in your skin will harm you if you move.
Continue?
The barbed spikes dig painfully into your body as you move.
The manticore flicks its tail.
The volley of spikes hits you!
The barbed spikes become lodged in your body.
* * * LOW HITPOINT WARNING * * *
The fire ignites!
You take 18 damage.
The barbed spikes dig painfully into your body as you move.
* * * LOW HITPOINT WARNING * * *
You take 4 damage.
You start resting.
A manticore is nearby!
Okay, then.
As you read the scroll of teleportation, it crumbles to dust.
You feel strangely unstable.
The manticore is engulfed in blazing flames.
The manticore flicks its tail.
The volley of spikes hits you!
The barbed spikes become lodged in your body.
You die...

,,*,,,,,,,,* #...............
,,*,,,,,,,,* #...............
,,*,,,,,,,,* #.#####.........
,,*,,,,,,,,* ####.# #.........
,,*,,,,,,,,* #....## #.........
,,*,,,,,,,,####.#...## #.........
,,*,,,,,,,,#.H.H#....# #.........
,,*,,,,,,,,#.#.#.#.#.#*#.......<.
,,*,,,,,,,....##@##.:.##.........
,,*,,,,,,,..###...###.##.........
*+*,,,,,..$,,,##.##,..##.........
,,,,****#.,,,*,#.#,*.............
,,,,*,,,#,,,,,,#.#,,.###.........
,,,,+,,,+,,,,,,#.#,*** #..†..####
,,,,*...*,,,,,,#.#,,** #.....#
,,,,*..##.....*#.#*,,* #.....#
##+##..#.....###.#**,* #.....#


You could see a manticore.

Vanquished Creatures
  A wyvern (D:7)
  Menkaure (D:5)
  A sky beast (D:7)
  A necrophage (D:7)
  An ogre (D:6)
  A centaur (D:7)
  3 phantoms
  Blork the orc (D:5)
  3 bullfrogs (D:7)
  3 scorpions
  A wyvern skeleton (D:6)
  4 wights
  A bullfrog zombie (D:7)
  2 jellies
  2 centaur zombies (D:7)
  2 bullfrog skeletons (D:6)
  3 orc priests
  2 hounds
  4 iguanas
  Natasha (twice) (D:2)
  4 orc wizards
  A killer bee zombie (D:6)
  A hound skeleton (D:4)
  4 gnolls (D:4)
  A howler monkey zombie (D:5)
  2 howler monkey skeletons
  7 adders
  An ufetubus (D:6)
  A dart slug (D:4)
  24 orcs
  7 bats
  3 endoplasms
  5 giant cockroaches
  4 goblins
  6 hobgoblins
  7 kobolds
  4 quokkas
  2 ball pythons
  4 frilled lizards
  5 rats
132 creatures vanquished.

Vanquished Creatures (collateral kills)
  A wight (D:6)
  An orc (D:5)
2 creatures vanquished.

Grand Total: 134 creatures vanquished

Notes
Turn   | Place    | Note
-------+----------+-------------------------------------------
     0 | D:1      | xeno23 the Djinni Hedge Wizard began the quest for the Orb.
     0 | D:1      | Reached XP level 1. HP: 15/15 MP: 0/0
   380 | D:1      | Reached XP level 2. HP: 10/22 MP: 0/0
  1281 | D:2      | Reached skill level 1 in Fighting
  1334 | D:2      | Reached XP level 3. HP: 7/27 MP: 0/0
  1334 | D:2      | Learned a level 1 spell: Sting
  1681 | D:2      | Noticed Natasha
  1688 | D:2      | Killed Natasha
  1950 | D:2      | Reached XP level 4. HP: 30/33 MP: 0/0
  2020 | D:2      | Noticed Natasha
  2130 | D:2      | Killed Natasha
  2131 | D:2      | Reached skill level 2 in Fighting
  2395 | D:2      | Found a faded altar of an unknown god.
  2822 | D:3      | Reached XP level 5. HP: 36/38 MP: 0/0
  2822 | D:3      | Learned a level 2 spell: Ensorcelled Hibernation
  3458 | D:3      | Found Zyofirar's General Store.
  3465 | D:3      | Bought a potion of heal wounds for 65 gold pieces
  3644 | D:3      | Reached XP level 6. HP: 39/45 MP: 0/0
  4147 | D:5      | Entered Level 5 of the Dungeon
  4465 | D:5      | Reached skill level 3 in Fighting
  4465 | D:5      | Reached skill level 1 in Armour
  5042 | D:5      | Reached XP level 7. HP: 43/50 MP: 0/0
  5042 | D:5      | Learned a level 3 spell: Portal Projectile
  5042 | D:5      | Noticed Menkaure
  5071 | D:5      | Noticed Blork the orc
  5743 | D:6      | Found an ornate altar of the Wu Jian Council.
  5746 | D:6      | Found a sacrificial altar of Ru.
  5760 | D:6      | Found a broken altar of Ashenzari.
  5770 | D:6      | Reached skill level 4 in Fighting
  6938 | D:4      | Reached XP level 8. HP: 46/58 MP: 0/0
  7020 | D:5      | Killed Blork the orc
  7363 | D:5      | Killed Menkaure
  7549 | D:4      | Reached skill level 5 in Fighting
  8506 | D:5      | Reached skill level 5 in Spellcasting
  8833 | D:6      | Reached skill level 1 in Evocations
  8987 | D:6      | Reached XP level 9. HP: 35/66 MP: 0/0
  8987 | D:6      | Learned a level 4 spell: Iskenderun's Mystic Blast
  9457 | D:6      | Reached skill level 6 in Fighting
  9978 | D:7      | Found a staircase to the Ecumenical Temple.
  9983 | D:7      | Noticed a manticore
  9987 | Temple   | Entered the Ecumenical Temple
 10204 | Temple   | Became a worshipper of Makhleb the Destroyer
 10875 | D:7      | Reached skill level 5 in Evocations
 11111 | D:7      | Killed from afar by a manticore

Illustrated notes

Levels and vault maps discovered:
D:1:      denvon_arrival_planthouse, layout_loops_corners
D:2:      layout_loops_corners, ebering_ecumenical_altar_webs, uniq_natasha
D:3:      layout_loops_ring, serial_shops, shop, st_stairs_5, kennysheep_path_1
D:4:      layout_basic, grunt_ministairs_15
D:5:      layout_basic, wad_floor_pattern_1, corexii_hall_statues_deadend,
          uniq_menkaure, uniq_blork_the_orc
D:6:      layout_loops_corners, grunt_temple_overflow_cloverleaf,
          chequers_serial_rivers_small_3, wad_floor_pattern_untrapped
D:7:      layout_gridville, temple_fountains, minmay_manual_monstrance
Temple:   nicolae_temple_elliptical

Skill      XL: |  1  2  3  4  5  6  7  8  9 |
---------------+----------------------------+-----
Fighting       | 1 2 3 4 5 6 |  6.7
Dodging        | 3 |  3.9
Spellcasting   | 3 4 5 |  5.7
Armour         | 2 3 4 |  4.5
Evocations     | 1 5 |  5.1
Stealth        | |  1.5

Action                   |  1- 3 |  4- 6 |  7- 9 || total
-------------------------+-------+-------+-------++-------
Melee: Dagger            |     8 |       |     2 ||    10
       Short sword       |     1 |     2 |     1 ||     4
       Staff             |       |       |     4 ||     4
 Cast: Magic Dart        |    48 |   127 |   309 ||   484
       Sting             |     3 |    16 |    22 ||    41
       Call Imp          |       |     4 |    16 ||    20
       Blink             |       |       |     6 ||     6
       Ensorcelled Hiber |       |       |     4 ||     4
       Conjure Flame     |       |       |     6 ||     6
       Mephitic Cloud    |       |       |     2 ||     2
       Iskenderun's Myst |       |       |     2 ||     2
  Use: Potion            |       |       |     1 ||     1
       Scroll            |       |       |     5 ||     5
 Stab: Sleeping          |       |       |     3 ||     3
Armor: Ring mail         |    13 |    18 |    27 ||    58
Dodge: Dodged            |     9 |    40 |    70 ||   119

Table legend: (Time is in decaauts)
 A = Elapsed time spent in this place.
 B = Non-inter-level travel time spent in this place.
 C = Inter-level travel time spent in this place.
 D = Time resting spent in this place.
 E = Time spent auto-exploring this place.
 F = Levels seen in this place.
 G = Mean time per level.
                   A        B        C        D        E       F      G
               +--------+--------+--------+--------+--------+-----+--------+
         Total |  11118 |  10482 |    636 |   4045 |   2379 |   8 | 1389.8 |
       Dungeon |  10870 |  10261 |    609 |   4041 |   2183 |   7 | 1552.9 |
        Temple |    247 |    220 |     27 |      4 |    196 |   1 |  247.0 |
               +--------+--------+--------+--------+--------+-----+--------+

Top non-repeatable levels by time:
     D:6: 2393 daAuts
     D:5: 2163 daAuts
     D:4: 1589 daAuts
     D:2: 1563 daAuts
     D:1: 1254 daAuts
     D:3: 1139 daAuts
     D:7: 765 daAuts
  Temple: 247 daAuts
